 Dungeon Crawl Stone Soup version 0.31-a0-876-gfe8ebadbca (webtiles) character file.

Game seed: 17929117391980152038

6495 protoss039 the Digger (level 10, -19/77 HPs)
             Began as a Demonspawn Earth Elementalist on Oct 13, 2023.
             Was a Believer of Vehumet.
             Demolished by Erolcha
             ... wielding a +0 giant spiked club
              (29 damage)
             ... on level 9 of the Dungeon.
             The game lasted 00:36:13 (12605 turns).

protoss039 the Digger (DsEE)                       Turns: 12605, Time: 00:36:13

Health: -19/77     AC:  9    Str:  9    XL:     10   Next: 68%
Magic:  25/28      EV: 11    Int: 19    God:    Vehumet [**....]
Gold:   107        SH:  6    Dex: 20    Spells: 15/21 levels left

rFire   . . .        L - +4 trident (drain)
rCold   . . .        o - +0 buckler
rNeg    . . .        j - +0 leather armour
rPois   .            b - +0 helmet
rElec   +            (no cloak)
rCorr   .            I - +2 pair of gloves of Kacsuaca {rElec Will+++ Int-3}
SInv    .            v - +0 pair of boots
Will    +++..        (no amulet)
Stlth   ++           h - +6 ring of dexterity
HPRegen 0.32/turn    t - ring of magical power
MPRegen 0.21/turn

%: no passive effects
@: mighty, invisible (expiring)
A: powered by death 2, powered by pain 2, big brain 1, demonic touch 1
a: Renounce Religion


You were on level 9 of the Dungeon.
You worshipped Vehumet.
Vehumet was pleased with you.
You visited 1 branch of the dungeon, and saw 9 of its levels.
You also visited: Sewer.

You collected 580 gold pieces.
You spent 473 gold pieces at shops.

Inventory:

Hand Weapons
 u - a +2 whip of electrocution
 w - a +2 falchion of protection
 L - a +4 trident of draining (weapon)
 N - a +2 hand axe of electrocution
 Q - a +5 falchion of freezing
Armour
 b - a +0 helmet (worn)
 e - a +0 pair of gloves
 j - a +0 leather armour (worn)
 k - a +0 ring mail
 o - a +0 buckler (worn)
 v - a +0 pair of boots (worn)
 I - the +2 pair of gloves of Kacsuaca (worn) {rElec Will+++ Int-3}
   (You found it on level 6 of the Dungeon)

   Int-3:     It affects your intelligence (-3).
   rElec:     It insulates you from electricity.
   Will+++:   It greatly increases your willpower.
Magical Staves
 H - a staff of cold
Jewellery
 h - a +6 ring of dexterity (left hand)
 n - a ring of fire
 t - a ring of magical power (right hand)
Wands
 f - a wand of mindburst (20)
 l - a wand of light (1)
 q - a wand of paralysis (3)
 G - a wand of polymorph (7)
Scrolls
 a - 2 scrolls of butterflies {unknown}
 c - a scroll of teleportation
 d - a scroll of vulnerability
 g - 2 scrolls of revelation {unknown}
 i - a scroll of identify
 m - 3 scrolls of poison {unknown}
 y - a scroll of immolation {unknown}
 B - a scroll of acquirement {unknown}
 C - a scroll of fear
 F - 3 scrolls of fog
 J - a scroll of enchant armour {unknown}
 K - 3 scrolls of amnesia
 P - a scroll of blinking
Potions
 p - a potion of curing
 r - 2 potions of mutation
 s - 2 potions of might
 x - 2 potions of brilliance
 z - 2 potions of enlightenment
 A - a potion of ambrosia
 D - a potion of invisibility
 E - 2 potions of magic
 M - a potion of cancellation
 O - a potion of degeneration {unknown}


   Skills:
 + Level 6.6 Fighting
 + Level 5.6 Armour
 - Level 2.0 Dodging
 - Level 2.0 Stealth
 - Level 6.0 Shields
 + Level 6.4 Spellcasting
 + Level 5.9 Conjurations
 - Level 1.0 Transmutations
 + Level 6.6 Earth Magic
 - Level 3.0 Evocations


You had 15 spell levels left.
You knew the following spells:

 Your Spells              Type           Power      Damage    Failure   Level
a - Sandblast             Erth           62%        2d14      1%          1
b - Passwall              Tmut/Erth      16%        N/A       7%          2
c - Stone Arrow           Conj/Erth      58%        3d10      4%          3

Your spell library contained the following spells:

 Spells                   Type           Power      Damage    Failure   Level
 Frozen Ramparts          Ice            12%        1d2       52%         3
 Brom's Barrelling Bould  Conj/Erth      29%        2d5       16%         4
 Apportation              Tloc           12%        N/A       21%         1
 Necrotise                Necr           24%        1d5       21%         1
 Summon Small Mammal      Summ           24%        N/A       21%         1
 Cigotuvi's Dreadful Rot  Necr/Pois/Air  12%        N/A       30%         2
 Scorch                   Fire           12%        2d5       30%         2
 Petrify                  Tmut/Erth      20%        N/A       41%         4
 Ignite Poison            Fire/Tmut/Pois 7%         N/A       47%         3
 Tukima's Dance           Hex            6%         N/A       52%         3
 Flame Wave               Conj/Fire      17%        2d7       52%         4
 Passage of Golubria      Tloc           6%         N/A       90%         4
 Freezing Cloud           Conj/Ice/Air   6%         6-21      94%         5
 Yara's Violent Unravell  Hex/Tmut       3%         3d4       99%         5
 Summon Cactus Giant      Summ           3%         N/A       100%        6


Dungeon Overview and Level Annotations

Branches:
Dungeon (9/15) Zot: 25330  Temple (0/1) D:6            Lair (0/5) D:8
  Sewer (visited)
    Orc: D:9-12

Altars:
Ashenzari
Dithmenos
Gozag
Okawaru
Sif Muna
Vehumet
Wu Jian
Xom

Shops:
D:3 =   D:8 ??*?*

Annotations:
D:3 3 runed translucent doors, Crazy Yiuf
D:9 Erolcha


Innate Abilities, Weirdness & Mutations

You regenerate health from kills.
You sometimes gain power by taking damage.
You have an unusually large brain. (Int +2)
Your touch may inflict minor irresistible damage on your foes.


Message History

Okay, then.
You fade into invisibility!
Something hits you!!
* * * LOW HITPOINT WARNING * * *
You focus on the pain.
You feel mightier all of a sudden.
Unknown command.
Okay, then.
Unknown command.
You feel better.
You hear some strange, mumbled words.
Unknown command.
Found 2 poisoned darts.
Casting: Stone Arrow (dangerous; 4% risk of failure)
Confirm with . or Enter, or press ? or * to list all spells.
Aiming: Stone Arrow (dangerous; 4% risk of failure)
Press: ? - help, Shift-Dir - straight line
Aim: Disturbance (blue smoke)
Okay, then.
Reach: L) +4 trident (drain)
Press: ? - help, Dir - move target
Aim: Disturbance (blue smoke)
You reach to attack!
You puncture something!
Unknown command.
Reach: L) +4 trident (drain)
Press: ? - help, Dir - move target You completely miss something.
Something hits you!!
* * * LOW HITPOINT WARNING * * *
Unknown command.
Okay, then.
Found 20 gold pieces.
Unknown command.
Casting: Stone Arrow (dangerous; 4% risk of failure)
Confirm with . or Enter, or press ? or * to list all spells.
Aiming: Stone Arrow (dangerous; 4% risk of failure)
Press: ? - help, Shift-Dir - straight line The stone arrow hits something!
You flicker for a moment.
Something hits you!!
You die...

## ### # ####.######.##
.###..#...#..#..#
..#.............#
....###....###.##
....##(.....##..#
....###.#.###...##
....###.#.###.##@#
....#.........##..#
............#......#
............##.#....#
..........>.##.#......
.............#........(
..........)............$
.##.....#..............#
..#.....##......


There were no monsters in sight!

Vanquished Creatures
  A two-headed ogre (D:9)
  5 unseen horror zombies (D:9)
  Jeremiah (D:7)
  A wyvern (D:7)
  A yak (D:8)
  A basilisk (D:8)
  Menkaure (D:7)
  3 water moccasins
  Pargi (Sewer)
  A black bear (D:8)
  2 sky beasts
  An ogre (D:5)
  3 centaurs
  2 phantoms
  A bullfrog (D:8)
  2 kobold brigands (D:8)
  A gnoll sergeant (D:9)
  4 scorpions
  A wyvern zombie (D:9)
  6 wights
  10 killer bees
  5 howler monkeys
  4 centaur zombies (D:9)
  4 hounds
  2 gnoll boudas (D:5)
  2 jellies
  4 orc priests
  4 iguanas
  6 orc wizards
  Robin (D:3)
  12 gnolls
  7 adders
  2 river rats (D:6)
  2 white imps
  4 ufetubi
  3 worms
  3 dart slugs
  19 orcs
  12 ball pythons
  4 bats
  4 endoplasms
  3 giant cockroaches
  15 goblins
  8 hobgoblins
  5 jackals
  2 quokkas
  6 frilled lizards
  17 kobolds
  8 rats
217 creatures vanquished.

Notes
Turn   | Place    | Note
-------+----------+-------------------------------------------
     0 | D:1      | protoss039 the Demonspawn Earth Elementalist began the
                  | quest for the Orb.
     0 | D:1      | Reached XP level 1. HP: 13/13 MP: 3/3
   306 | D:1      | Gained mutation: You sometimes gain a little power by
                  | taking damage. [demonic ancestry]
   306 | D:1      | Reached XP level 2. HP: 20/20 MP: 3/5
   359 | D:1      | Learned a level 2 spell: Passwall
   400 | D:1      | Reached skill level 1 in Fighting
  1277 | D:2      | Noticed Robin
  1284 | D:1      | Gained mutation: You sometimes gain power by taking damage.
                  | [demonic ancestry]
  1284 | D:1      | Reached XP level 3. HP: 17/26 MP: 2/6
  1468 | D:3      | Killed Robin
  2083 | D:2      | Gained mutation: You have an unusually large brain. (Int
                  | +2) [demonic ancestry]
  2083 | D:2      | Reached XP level 4. HP: 31/33 MP: 3/8
  2482 | D:2      | Learned a level 3 spell: Stone Arrow
  2591 | D:3      | Found a large runed translucent door.
  2592 | D:3      | Found a large runed translucent door.
  2774 | D:3      | Found a faded altar of an unknown god.
  2871 | D:3      | Found Xiwou's Jewellery Shoppe.
  3381 | D:3      | Found a runed translucent door.
  3382 | D:3      | Noticed Crazy Yiuf
  3888 | D:4      | Reached skill level 1 in Transmutations
  3903 | D:4      | Noticed a scorpion
  3921 | D:4      | Gained mutation: You regenerate a little health from kills.
                  | [demonic ancestry]
  3921 | D:4      | Reached XP level 5. HP: 28/38 MP: 9/9
  4085 | D:4      | Reached skill level 1 in Armour
  4085 | D:4      | Reached skill level 1 in Shields
  4161 | D:4      | Reached skill level 1 in Conjurations
  4210 | D:4      | Noticed a centaur
  4213 | D:4      | Killed a centaur
  4214 | D:4      | Gained mutation: Your touch may inflict minor irresistible
                  | damage on your foes. [demonic ancestry]
  4214 | D:4      | Reached XP level 6. HP: 35/46 MP: 10/10
  4553 | D:5      | Entered Level 5 of the Dungeon
  4747 | D:5      | Noticed a sky beast
  4793 | D:5      | Reached XP level 7. HP: 49/52 MP: 12/12
  5569 | D:5      | Found an opulent altar of Gozag.
  5570 | D:5      | Found a broken altar of Ashenzari.
  5571 | D:5      | Found a shimmering altar of Xom.
  5572 | D:5      | Found an iron altar of Okawaru.
  5573 | D:5      | Found a shadowy altar of Dithmenos.
  5573 | D:5      | Found a shimmering blue altar of Sif Muna.
  5574 | D:5      | Found an ornate altar of the Wu Jian Council.
  5575 | D:5      | Found a radiant altar of Vehumet.
  5598 | D:5      | Became a worshipper of Vehumet
  6716 | D:6      | Gained mutation: You regenerate health from kills. [demonic
                  | ancestry]
  6716 | D:6      | Reached XP level 8. HP: 59/59 MP: 13/13
  6755 | D:6      | Reached skill level 1 in Evocations
  6813 | D:6      | Found a staircase to the Ecumenical Temple.
  6927 | D:6      | Found a glowing drain.
  6952 | Sewer    | Entered a sewer
  7004 | Sewer    | Noticed Pargi
  7011 | Sewer    | Killed Pargi
  7428 | D:6      | Reached * piety under Vehumet
  7428 | D:6      | Offered knowledge of Shock by Vehumet.
  7615 | D:6      | Identified the +2 pair of gloves of Kacsuaca {rElec Will+++
                  | Int-3}
  8179 | D:7      | Noticed Jeremiah
  8187 | D:7      | Killed Jeremiah
  8188 | D:7      | Reached skill level 5 in Shields
  8188 | D:7      | Reached skill level 5 in Earth Magic
  8188 | D:7      | Reached XP level 9. HP: 49/66 MP: 16/16
  8826 | D:7      | Noticed Menkaure
  8833 | D:7      | Killed Menkaure
  9432 | D:8      | Found Jaoptena's Magic Scroll Emporium.
  9435 | D:8      | Bought a scroll of blinking for 105 gold pieces
  9435 | D:8      | Bought 2 scrolls of fear for 112 gold pieces
  9435 | D:8      | Bought a scroll of identify for 28 gold pieces
  9435 | D:8      | Bought a scroll of identify for 28 gold pieces
  9435 | D:8      | Bought a scroll of identify for 28 gold pieces
  9471 | D:8      | Found a staircase to the Lair.
  9624 | D:8      | Reached skill level 5 in Spellcasting
  9649 | D:8      | Found Yfisimar's General Store.
  9664 | D:8      | Bought a scroll of identify for 28 gold pieces
  9664 | D:8      | Bought a potion of curing for 42 gold pieces
  9664 | D:8      | Bought a scroll of identify for 28 gold pieces
  9667 | D:8      | Found Hoiwyun's Magic Scroll Emporium.
  9671 | D:8      | Bought a scroll of identify for 22 gold pieces
  9682 | D:8      | Reached skill level 5 in Fighting
  9729 | D:8      | Found a transporter.
  9729 | D:8      | Found Ocsaum's Magic Scroll Shop.
  9744 | D:8      | Found Poifick's General Store.
 10505 | D:8      | Offered knowledge of Momentum Strike by Vehumet.
 10507 | D:8      | Reached ** piety under Vehumet
 10926 | D:8      | Found a transporter.
 10951 | D:8      | Bought a scroll of amnesia for 52 gold pieces
 11328 | D:9      | Noticed a two-headed ogre
 11453 | D:8      | Reached XP level 10. HP: 37/74 MP: 18/18
 11781 | D:8      | Reached skill level 5 in Conjurations
 12013 | D:9      | Reached skill level 5 in Armour
 12239 | D:9      | Killed a two-headed ogre
 12275 | D:9      | Offered knowledge of Frozen Ramparts by Vehumet.
 12581 | D:9      | Noticed Erolcha
 12605 | D:9      | Demolished by Erolcha

Illustrated notes

Levels and vault maps discovered:
D:1:      evilmike_arrival_fibonacci_small, layout_basic
D:2:      layout_loops_cross, minmay_tromino_v4_a, uniq_robin
D:3:      layout_basic, jmf_multi_god_temple2, serial_shops, shop,
          ebering_ecumenical_altar_petrified, minmay_misc_feat_plants,
          uniq_crazy_yiuf_cottage
D:4:      layout_basic, serial_bayou, serial_bayou_pond_c, serial_bayou_pond_a,
          serial_bayou_pond_b, serial_bayou_pond_b
D:5:      minmay_skewed_foursquare, layout_loops_corners,
          nicolae_overflows_in_rows
D:6:      layout_loops_cross, temple_fountains, lightli_sewer_entry_pipes
D:7:      layout_loops_corners, uniq_menkaure, uniq_jeremiah
D:8:      layout_basic, david_lair_generic, serial_shops,
          nicolae_lakefront_shop, nicolae_shop_real_fake_doors,
          nicolae_shop_stone, nicolae_shop_drivethru, shop,
          nrook_mini_backslash, minmay_misc_feat_columns, eino_tiny_chamber,
          grunt_ministairs_3
D:9:      layout_cave_pools, mainiacjoe_overflow_surrounded_room, zin_purify,
          serial_undead, serial_undead_c, serial_undead_e, serial_undead_a,
          serial_undead_f, serial_undead_c, serial_undead_f, uniq_erolcha

Skill      XL: |  1  2  3  4  5  6  7  8  9 10 |
---------------+-------------------------------+-----
Fighting       | 1 2 3 4 5 6 |  6.6
Earth Magic    | 3 4 5 6 |  6.6
Transmutations | 1 |  1.0
Dodging        | 2 |  2.0
Spellcasting   | 3 4 5 6 |  6.4
Armour         | 1 2 3 4 5 |  5.6
Stealth        | 2 |  2.0
Shields        | 1 2 3 5 6 |  6.0
Conjurations   | 1 3 4 5 |  5.9
Evocations     | 2 3 |  3.0

Action                     |  1- 3 |  4- 6 |  7- 9 | 10-12 || total
---------------------------+-------+-------+-------+-------++-------
  Melee: Unarmed           |     6 |       |       |       ||     6
         Dagger            |     6 |     4 |       |       ||    10
         Whip              |       |    39 |    59 |     3 ||   101
         Trident           |       |       |       |     2 ||     2
   Cast: Sandblast         |    81 |    48 |    80 |    22 ||   231
         Passwall          |     1 |       |     1 |       ||     2
         Stone Arrow       |       |       |   106 |    60 ||   166
  Evoke: Wand              |       |     5 |     4 |     3 ||    12
    Use: Potion            |     1 |       |     3 |     3 ||     7
         Scroll            |       |       |    12 |     2 ||    14
   Stab: Sleeping          |       |     2 |     3 |       ||     5
 Armour: Robe              |    53 |     6 |       |       ||    59
         Leather armour    |       |    35 |   114 |   121 ||   270
  Dodge: Dodged            |    67 |    28 |    70 |   100 ||   265
  Block: Buckler           |       |    10 |    49 |    43 ||   102

Table legend: (Time is in decaauts)
 A = Elapsed time spent in this place.
 B = Non-inter-level travel time spent in this place.
 C = Inter-level travel time spent in this place.
 D = Time resting spent in this place.
 E = Time spent auto-exploring this place.
 F = Levels seen in this place.
 G = Mean time per level.
                   A        B        C        D        E       F      G
               +--------+--------+--------+--------+--------+-----+--------+
         Total |  12812 |  12242 |    570 |   1997 |   8211 |  10 | 1281.2 |
       Dungeon |  12448 |  11878 |    570 |   1887 |   8023 |   9 | 1383.1 |
         Sewer |    363 |    363 |      0 |    110 |    187 |   1 |  363.0 |
               +--------+--------+--------+--------+--------+-----+--------+

Top non-repeatable levels by time:
     D:8: 2755 daAuts
     D:5: 2146 daAuts
     D:3: 1554 daAuts
     D:7: 1527 daAuts
     D:1: 1330 daAuts
     D:2: 994 daAuts
     D:6: 918 daAuts
     D:4: 746 daAuts
     D:9: 473 daAuts
   Sewer: 363 daAuts
